EDMONTON vs VEGAS

Created - January 5, 2021 at 07:05

Goals
1 2 3 T
EDMONTON 0 2 1 3
VEGAS 0 2 0 2
Shots
1 2 3 T
EDMONTON 9 5 12 26
VEGAS 20 5 11 36

1st period

No Goal

Penalties :
Bryan Rust (EDM) for Kneeing (Minor) at 1:13, Josh Anderson (VGK) for Fighting (Major) at 4:10, Barclay Goodrow (EDM) for Fighting (Major) at 4:10, Colin Miller (EDM) for Roughing (Minor) at 7:38, Slater Koekkoek (VGK) for Hooking (Minor) at 9:45, Max Comtois (VGK) for Fighting (Major) at 13:59, Barclay Goodrow (EDM) for Fighting (Major) at 13:59, Devon Toews (VGK) for Fighting (Major) at 13:59, Travis Hamonic (EDM) for Fighting (Major) at 13:59, Troy Terry (VGK) for Fighting (Major) at 13:59, Justin Holl (EDM) for Fighting (Major) at 13:59, Alexander Kerfoot (VGK) for High sticking (Minor) at 13:59, Slater Koekkoek (VGK) for High sticking (Minor) at 13:59, Colton Sissons (EDM) for Slashing (Minor) at 13:59, Michael Raffl (EDM) for High sticking (Minor) at 13:59, Colton Sissons (EDM) for High sticking (Minor) at 16:07

2nd period

1. EDMONTON , Kyle Palmieri 1 (Anze Kopitar 3, Colin Miller 1) at 4:57
2. VEGAS , Daniel Sprong 1 (Devon Toews 2, Slater Koekkoek 1) at 5:28
3. EDMONTON , Anze Kopitar 2 (David Perron 1, Travis Hamonic 2) at 15:23
4. VEGAS , Troy Terry 2 (Alexander Kerfoot 1) at 17:11

Penalties :
Jason Demers (EDM) for Hooking (Minor) at 0:07, Josh Anderson (VGK) for Hooking (Minor) at 1:09, Anze Kopitar (EDM) for Hooking (Minor) at 8:18

3rd period

5. EDMONTON , David Perron 3 (Bryan Rust 1, Tyler Johnson 1) at 19:54 (PP)

Penalties :
Brock Nelson (VGK) for Interference (Minor) at 18:57

Goalie Stats

Darcy Kuemper (EDM), 34 saves from 36 shots - (0.944), W, 1-2-0, 60:00 minutes
Braden Holtby (VGK), 23 saves from 26 shots - (0.885), L, 2-1-0, 59:58 minutes

Players Stats for EDMONTON

Player Name              G  A  P  +/- PIM S  H  SB GA TA FO     MP     PP MP  PK MP  
------------------------------------------------------------------------------------
Anze Kopitar             1  1  2   1  2   3  2  1  0  0  27/44  22:43   2:10   4:13 
Barclay Goodrow          0  0  0   0  10  0  1  0  0  0  0/1    10:56   0:00   0:54 
Bryan Rust               0  1  1   0  2   3  0  0  0  0  1/2    14:11   1:48   0:00 
Colin Miller             0  1  1   1  2   0  1  2  0  0  0/0    19:40   1:26   3:01 
Colton Sissons           0  0  0   0  4   2  0  0  0  0  5/10   11:22   0:00   0:00 
Darren Helm              0  0  0  -1  0   0  0  0  0  0  0/0     7:33   0:00   1:20 
David Perron             1  1  2   1  0   5  4  0  0  0  0/0    20:11   1:48   3:39 
Derek Forbort            0  0  0   1  0   0  3  2  0  0  0/0    16:53   0:00   0:51 
Jakub Voracek            0  0  0   0  0   2  0  0  0  0  0/0    21:37   2:10   4:44 
Jason Demers             0  0  0   0  2   0  1  0  0  0  0/0    21:39   1:26   3:53 
Josh Archibald           0  0  0  -1  0   0  1  0  0  0  0/2     7:33   0:00   0:00 
Justin Holl              0  0  0  -1  5   0  4  0  0  0  0/0    15:25   0:00   1:03 
Kyle Palmieri            1  0  1   1  0   6  1  0  0  0  4/13   20:05   2:10   3:06 
Mathieu Perreault        0  0  0  -1  0   0  0  0  0  0  4/7     6:13   0:00   0:00 
Matt Roy                 0  0  0   0  0   2  0  2  0  0  0/0    23:48   2:32   5:07 
Michael Raffl            0  0  0   0  2   0  0  0  0  0  0/1    11:23   0:00   0:00 
Travis Hamonic           0  1  1  -1  5   2  1  2  0  0  0/0    22:31   2:32   4:01 
Tyler Johnson            0  1  1   0  0   1  1  0  0  0  10/20  14:12   1:48   0:00 

Players Stats for VEGAS

Player Name              G  A  P  +/- PIM S  H  SB GA TA FO     MP     PP MP  PK MP  
------------------------------------------------------------------------------------
Alexander Kerfoot        0  1  1   1  2   0  0  0  0  0  11/17  12:28   0:00   0:46 
Brent Seabrook           0  0  0   0  0   2  0  0  0  0  0/0    25:33   4:35   2:15 
Brock Nelson             0  0  0   0  2   3  2  0  0  0  17/37  22:44   4:38   2:04 
Daniel Sprong            1  0  1   0  0   1  0  0  0  0  1/1     6:13   0:00   0:00 
Devon Toews              0  1  1   1  5   1  1  1  0  0  0/0    12:48   0:00   0:00 
Jack Johnson             0  0  0   0  0   2  2  0  0  0  0/0    24:15   4:35   2:15 
Jayce Hawryluk           0  0  0   0  0   3  1  0  0  0  0/0     6:29   0:00   0:16 
Josh Anderson            0  0  0  -1  7   3  2  1  0  0  0/1    14:27   3:01   0:00 
Kyle Turris              0  0  0  -1  0   3  1  0  0  0  14/24  18:17   4:20   0:52 
Matt Luff                0  0  0   0  0   0  0  0  0  0  0/2     3:10   1:02   0:00 
Max Comtois              0  0  0   1  5   0  1  0  0  0  0/2    10:24   0:00   0:00 
Michael Grabner          0  0  0  -1  0   5  0  1  0  0  0/1    16:37   4:20   0:00 
Mikhail Grigorenko       0  0  0   0  0   0  0  0  0  0  0/0     1:34   0:16   0:00 
Nick Holden              0  0  0  -1  0   1  0  1  0  0  0/0    21:38   4:23   1:43 
Nikita Zadorov           0  0  0  -1  0   4  2  0  0  0  0/0    21:29   4:23   1:43 
Oliver Bjorkstrand       0  0  0   0  0   3  2  0  0  0  0/3    20:13   4:38   0:52 
Sam Reinhart             0  0  0   0  0   4  0  0  0  0  0/0    23:47   4:38   3:06 
Slater Koekkoek          0  1  1   1  4   0  1  2  0  0  0/0    14:14   0:00   0:00 
Troy Terry               1  0  1   1  5   1  0  0  0  0  0/0    10:24   0:00   0:00 
Victor Rask              0  0  0   0  0   0  0  0  0  0  6/12    6:13   0:00   0:00 

3 Stars

1 - David Perron (EDM)
2 - Anze Kopitar (EDM)
3 - Darcy Kuemper (EDM)

Power Play

EDMONTON - 1 on 3 Attempt(s) - 33.33%
VEGAS - 0 on 5 Attempt(s) - 0.00%

Penalty Kill

EDMONTON - 5 on 5 Attempt(s) - 100.00% - Score 0 goal in Penalty Kill
VEGAS - 2 on 3 Attempt(s) - 66.67% - Score 0 goal in Penalty Kill

Team Stat

EDMONTON - Hits : 20 - Faceoff Wins : 51 - Blocked Shots : 9 - Penalty Minutes : 34
VEGAS - Hits : 15 - Faceoff Wins : 49 - Blocked Shots : 6 - Penalty Minutes : 30

Official

Referees : Francis Charron and Dave Lewis
Linesman : Brandon Gawryletz and Vaughan Rody

Game Notes

Josh Anderson beats up Barclay Goodrow at 4:10 of 1st period
General Fight at 13:59 of 1st period
Max Comtois and Barclay Goodrow fight to a draw at 13:59 of 1st period
Travis Hamonic beats up Devon Toews at 13:59 of 1st period
Troy Terry and Justin Holl fight to a draw at 13:59 of 1st period

Finance

Level 1 -- Attendance: 4373 (72.88%) -- Ticket Income $437,300
Level 2 -- Attendance: 3960 (79.20%) -- Ticket Income $237,600
Level 3 -- Attendance: 1849 (92.45%) -- Ticket Income $64,715
Level 4 -- Attendance: 2556 (63.90%) -- Ticket Income $63,900
Luxury Box -- Attendance: 794 (79.40%) -- Ticket Income $158,800
Game was played at the T-Mobile Arena.
Total Attendance: 13532 (75.18%)
Total Ticket Income: $962,315
Total Income: $962,315

EDMONTON

5 vs 5 Forward 
   Center                   Left Wing                Right Wing               Time % Phy DF OF 
 1 Anze Kopitar             David Perron             Kyle Palmieri            35     1   2  2  
 2 Tyler Johnson            Bryan Rust               Jakub Voracek            30     1   2  2  
 3 Colton Sissons           Michael Raffl            Barclay Goodrow          23     1   2  2  
 4 Mathieu Perreault        Darren Helm              Josh Archibald           12     1   2  2  

5 vs 5 Defense 
   Defense                  Defense                                           Time % Phy DF OF 
 1 Travis Hamonic           Justin Holl                                       33     1   2  2  
 2 Matt Roy                 Jason Demers                                      32     1   2  2  
 3 Colin Miller             Derek Forbort                                     25     1   2  2  
 4 Travis Hamonic           Justin Holl                                       10     1   2  2  

PowerPlay Forward 
   Center                   Left Wing                Right Wing               Time % Phy DF OF 
 1 Anze Kopitar             Jakub Voracek            Kyle Palmieri            60     1   2  2  
 2 Tyler Johnson            David Perron             Bryan Rust               40     1   2  2  

PowerPlay Defense
   Defense                  Defense                                           Time % Phy DF OF 
 1 Travis Hamonic           Matt Roy                                          60     1   2  2  
 2 Jason Demers             Colin Miller                                      40     1   2  2  

Penalty Kill 4 Players Forward 
   Center                   Wing                     Time % Phy DF OF 
 1 Anze Kopitar             Jakub Voracek            60     1   2  2  
 2 Kyle Palmieri            David Perron             40     1   2  2  

Penalty Kill 4 Players Defense
   Defense                  Defense                  Time % Phy DF OF 
 1 Travis Hamonic           Matt Roy                 60     1   2  2  
 2 Colin Miller             Jason Demers             40     1   2  2  

Penalty Kill - 3 Players Forward 
   Forward                                           Time % Phy DF OF 
 1 Anze Kopitar                                      60     1   2  2  
 2 Jakub Voracek                                     40     1   2  2  

Penalty Kill - 3 Players Defense
   Defense                  Defense                  Time % Phy DF OF 
 1 Travis Hamonic           Justin Holl              60     1   2  2  
 2 Matt Roy                 Jason Demers             40     1   2  2  

4 vs 4 Forward 
   Center                   Wing                     Time % Phy DF OF 
 1 Anze Kopitar             Jakub Voracek            60     1   2  2  
 2 Kyle Palmieri            David Perron             40     1   2  2  

4 vs 4 Defense
   Defense                  Defense                  Time % Phy DF OF 
 1 Travis Hamonic           Matt Roy                 60     1   2  2  
 2 Colin Miller             Jason Demers             40     1   2  2  

Last Minutes Offensive
   Center                   Left Wing                Right Wing               Defense                  Defense                  
   Anze Kopitar             Jakub Voracek            Kyle Palmieri            Travis Hamonic           Justin Holl              

Last Minutes Defensive
   Center                   Left Wing                Right Wing               Defense                  Defense                  
   Anze Kopitar             Jakub Voracek            Kyle Palmieri            Travis Hamonic           Justin Holl              

Goaltenders
Starting : Darcy Kuemper            
Backup : Aaron Dell               

Extra Forwards
Normal : Barclay Goodrow, Colton Sissons, Josh Archibald - PP : Barclay Goodrow, Colton Sissons - PK : Barclay Goodrow
Extra Defensemen
Normal : Derek Forbort, Colin Miller, Justin Holl - PP : Justin Holl - PK : Justin Holl, Colin Miller
Penalty Shots
Anze Kopitar, Jakub Voracek, Kyle Palmieri, David Perron, Tyler Johnson

Scratches
EDM Cap Hit (Suspend)

VEGAS

5 vs 5 Forward 
   Center                   Left Wing                Right Wing               Time % Phy DF OF 
 1 Brock Nelson             Oliver Bjorkstrand       Sam Reinhart             35     1   2  2  
 2 Kyle Turris              Josh Anderson            Michael Grabner          30     1   2  2  
 3 Alexander Kerfoot        Max Comtois              Troy Terry               25     1   2  2  
 4 Victor Rask              Daniel Sprong            Jayce Hawryluk           10     1   2  2  

5 vs 5 Defense 
   Defense                  Defense                                           Time % Phy DF OF 
 1 Brent Seabrook           Jack Johnson                                      35     1   2  2  
 2 Nick Holden              Nikita Zadorov                                    30     1   2  2  
 3 Devon Toews              Slater Koekkoek                                   25     1   2  2  
 4 Brent Seabrook           Jack Johnson                                      10     1   2  2  

PowerPlay Forward 
   Center                   Left Wing                Right Wing               Time % Phy DF OF 
 1 Brock Nelson             Oliver Bjorkstrand       Sam Reinhart             60     1   2  2  
 2 Kyle Turris              Josh Anderson            Michael Grabner          40     1   2  2  

PowerPlay Defense
   Defense                  Defense                                           Time % Phy DF OF 
 1 Brent Seabrook           Jack Johnson                                      60     1   2  2  
 2 Nick Holden              Nikita Zadorov                                    40     1   2  2  

Penalty Kill 4 Players Forward 
   Center                   Wing                     Time % Phy DF OF 
 1 Brock Nelson             Sam Reinhart             60     1   2  2  
 2 Oliver Bjorkstrand       Kyle Turris              40     1   2  2  

Penalty Kill 4 Players Defense
   Defense                  Defense                  Time % Phy DF OF 
 1 Brent Seabrook           Jack Johnson             60     1   2  2  
 2 Nick Holden              Nikita Zadorov           40     1   2  2  

Penalty Kill - 3 Players Forward 
   Forward                                           Time % Phy DF OF 
 1 Brock Nelson                                      60     1   2  2  
 2 Sam Reinhart                                      40     1   2  2  

Penalty Kill - 3 Players Defense
   Defense                  Defense                  Time % Phy DF OF 
 1 Brent Seabrook           Jack Johnson             60     1   2  2  
 2 Nick Holden              Nikita Zadorov           40     1   2  2  

4 vs 4 Forward 
   Center                   Wing                     Time % Phy DF OF 
 1 Brock Nelson             Sam Reinhart             60     1   2  2  
 2 Oliver Bjorkstrand       Kyle Turris              40     1   2  2  

4 vs 4 Defense
   Defense                  Defense                  Time % Phy DF OF 
 1 Brent Seabrook           Jack Johnson             60     1   2  2  
 2 Nick Holden              Nikita Zadorov           40     1   2  2  

Last Minutes Offensive
   Center                   Left Wing                Right Wing               Defense                  Defense                  
   Brock Nelson             Oliver Bjorkstrand       Sam Reinhart             Brent Seabrook           Jack Johnson             

Last Minutes Defensive
   Center                   Left Wing                Right Wing               Defense                  Defense                  
   Brock Nelson             Oliver Bjorkstrand       Sam Reinhart             Brent Seabrook           Jack Johnson             

Goaltenders
Starting : Braden Holtby            
Backup : Tristan Jarry            

Extra Forwards
Normal : Matt Luff, Mikhail Grigorenko, Alexander Kerfoot - PP : Matt Luff, Mikhail Grigorenko - PK : Alexander Kerfoot
Extra Defensemen
Normal : Devon Toews, Slater Koekkoek, Nick Holden - PP : Devon Toews - PK : Slater Koekkoek, Nick Holden
Penalty Shots
Brock Nelson, Sam Reinhart, Oliver Bjorkstrand, Kyle Turris, Josh Anderson

Scratches
VGK Cap Hit (Suspend)

% Time on Ice - EDMONTON

Lines # - Real PCT - Wanted PCT - Time Play
Normal Forward
1 - 32% - 35% - 14:02
2 - 28% - 30% - 12:24
3 - 26% - 23% - 11:24
4 - 14% - 12% - 6:13
Normal Defense
1 - 35% - 33% - 15:33
2 - 31% - 32% - 13:29
3 - 30% - 25% - 13:11
4 - 4% - 10% - 1:50
PP Forward
1 - 55% - 60% - 2:10
2 - 45% - 40% - 1:48
PP Defense
1 - 64% - 60% - 2:32
2 - 36% - 40% - 1:26
PK Forward
1 - 65% - 60% - 5:52
2 - 35% - 40% - 3:06
PK Defense
1 - 61% - 60% - 5:28
2 - 39% - 40% - 3:30
PK3 Forward
1 - 0% - 60%
2 - 0% - 40%
PK3 Defense
1 - 0% - 60%
2 - 0% - 40%
44 Forward
1 - 76% - 60% - 2:14
2 - 24% - 40% - 0:42
44 Defense
1 - 54% - 60% - 1:35
2 - 46% - 40% - 1:21
Last Minute Offensive  - 0:00
Last Minute Defensive  - 0:05
Total
Forward - 60:00
Defense - 60:00

% Time on Ice - VEGAS

Lines # - Real PCT - Wanted PCT - Time Play
Normal Forward
1 - 31% - 35% - 13:50
2 - 28% - 30% - 12:17
3 - 27% - 25% - 11:43
4 - 14% - 10% - 6:13
Normal Defense
1 - 33% - 35% - 14:29
2 - 32% - 30% - 13:54
3 - 32% - 25% - 14:16
4 - 3% - 10% - 1:24
PP Forward
1 - 52% - 60% - 4:38
2 - 48% - 40% - 4:20
PP Defense
1 - 51% - 60% - 4:35
2 - 49% - 40% - 4:23
PK Forward
1 - 78% - 60% - 3:06
2 - 22% - 40% - 0:52
PK Defense
1 - 57% - 60% - 2:15
2 - 43% - 40% - 1:43
PK3 Forward
1 - 0% - 60%
2 - 0% - 40%
PK3 Defense
1 - 0% - 60%
2 - 0% - 40%
44 Forward
1 - 73% - 60% - 2:08
2 - 27% - 40% - 0:48
44 Defense
1 - 49% - 60% - 1:27
2 - 51% - 40% - 1:29
Last Minute Offensive  - 0:05
Last Minute Defensive  - 0:00
Total
Forward - 60:00
Defense - 60:00

Play-by-Play

1st period


0:01 of 1st period - Anze Kopitar wins face-off versus Brock Nelson in neutral zone.
0:29 of 1st period - Shot by Brock Nelson.
0:29 of 1st period - Shot Blocked by Anze Kopitar.
0:52 of 1st period - Shot by Michael Grabner.
0:52 of 1st period - Stopped by Darcy Kuemper without a rebound.
0:53 of 1st period - Tyler Johnson wins face-off versus Alexander Kerfoot in EDMONTON zone.
1:13 of 1st period - Minor Penalty to Bryan Rust for Kneeing.
1:14 of 1st period - Kyle Turris wins face-off versus Anze Kopitar in EDMONTON zone.
1:17 of 1st period - Shot by Josh Anderson.
1:17 of 1st period - Stopped by Darcy Kuemper without a rebound.
1:18 of 1st period - Kyle Turris wins face-off versus Anze Kopitar in EDMONTON zone.
2:05 of 1st period - Oliver Bjorkstrand is hit by Anze Kopitar and loses puck.
2:16 of 1st period - Shot by Nick Holden.
2:16 of 1st period - Stopped by Darcy Kuemper without a rebound.
2:17 of 1st period - Brock Nelson wins face-off versus Kyle Palmieri in EDMONTON zone.
2:20 of 1st period - Shot by Oliver Bjorkstrand.
2:20 of 1st period - Stopped by Darcy Kuemper without a rebound.
2:21 of 1st period - Kyle Palmieri wins face-off versus Brock Nelson in EDMONTON zone.
2:21 of 1st period - Kyle Palmieri is hit by Oliver Bjorkstrand.
2:41 of 1st period - Shot by Nikita Zadorov.
2:41 of 1st period - Stopped by Darcy Kuemper without a rebound.
2:42 of 1st period - Kyle Turris wins face-off versus Anze Kopitar in EDMONTON zone.
2:49 of 1st period - Shot by Michael Grabner.
2:49 of 1st period - Stopped by Darcy Kuemper without a rebound.
2:50 of 1st period - Brock Nelson wins face-off versus Kyle Palmieri in EDMONTON zone.
2:51 of 1st period - Shot by Brent Seabrook.
2:51 of 1st period - Shot Misses the Net.
2:53 of 1st period - Shot by Brock Nelson.
2:53 of 1st period - Shot Blocked by Travis Hamonic.
2:55 of 1st period - Shot by Brock Nelson.
2:55 of 1st period - Stopped by Darcy Kuemper without a rebound.
2:56 of 1st period - Anze Kopitar wins face-off versus Brock Nelson in EDMONTON zone.
3:14 of 1st period - Shot by Michael Grabner.
3:14 of 1st period - Shot Misses the Net.
3:20 of 1st period - Shot by Kyle Turris.
3:20 of 1st period - Stopped by Darcy Kuemper without a rebound.
3:21 of 1st period - Kyle Turris wins face-off versus Michael Raffl in EDMONTON zone.
3:30 of 1st period - Shot by Colton Sissons.
3:30 of 1st period - Stopped by Braden Holtby without a rebound.
3:31 of 1st period - Tyler Johnson wins face-off versus Alexander Kerfoot in VEGAS zone.
3:59 of 1st period - Shot by Bryan Rust.
3:59 of 1st period - Stopped by Braden Holtby without a rebound.
4:00 of 1st period - Colton Sissons wins face-off versus Kyle Turris in VEGAS zone.
4:10 of 1st period - Josh Anderson beats up Barclay Goodrow.
4:10 of 1st period - Penalty to Josh Anderson for Fighting.
4:10 of 1st period - Penalty to Barclay Goodrow for Fighting.
4:11 of 1st period - Brock Nelson wins face-off versus Kyle Palmieri in VEGAS zone.
4:11 of 1st period - Oliver Bjorkstrand is hit by Kyle Palmieri and loses puck.
4:37 of 1st period - Shot by Oliver Bjorkstrand.
4:37 of 1st period - Stopped by Darcy Kuemper without a rebound.
4:38 of 1st period - Kyle Turris wins face-off versus Colton Sissons in EDMONTON zone.
4:44 of 1st period - Colton Sissons is hit by Nikita Zadorov and loses puck.
4:57 of 1st period - Shot by Colton Sissons.
4:57 of 1st period - Shot Misses the Net.
5:30 of 1st period - Icing by Matt Roy.
5:31 of 1st period - Tyler Johnson wins face-off versus Brock Nelson in EDMONTON zone.
6:25 of 1st period - Shot by Anze Kopitar.
6:25 of 1st period - Shot Misses the Net.
6:31 of 1st period - Shot by David Perron.
6:31 of 1st period - Stopped by Braden Holtby with a rebound.
6:33 of 1st period - Shot by Justin Holl.
6:33 of 1st period - Shot Misses the Net.
7:31 of 1st period - Troy Terry is hit by Derek Forbort.
7:38 of 1st period - Minor Penalty to Colin Miller for Roughing.
7:39 of 1st period - Anze Kopitar wins face-off versus Matt Luff in EDMONTON zone.
8:04 of 1st period - Shot by Nikita Zadorov.
8:04 of 1st period - Shot Misses the Net.
8:06 of 1st period - Shot by Nikita Zadorov.
8:06 of 1st period - Stopped by Darcy Kuemper without a rebound.
8:07 of 1st period - Kyle Turris wins face-off versus Kyle Palmieri in EDMONTON zone.
8:10 of 1st period - Shot by Kyle Turris.
8:10 of 1st period - Shot Misses the Net.
8:22 of 1st period - Shot by Michael Grabner.
8:22 of 1st period - Stopped by Darcy Kuemper without a rebound.
8:23 of 1st period - Kyle Palmieri wins face-off versus Kyle Turris in EDMONTON zone.
9:08 of 1st period - Shot by Sam Reinhart.
9:08 of 1st period - Stopped by Darcy Kuemper without a rebound.
9:09 of 1st period - Brock Nelson wins face-off versus Anze Kopitar in EDMONTON zone.
9:10 of 1st period - Shot by Sam Reinhart.
9:10 of 1st period - Stopped by Darcy Kuemper without a rebound.
9:11 of 1st period - Anze Kopitar wins face-off versus Brock Nelson in EDMONTON zone.
9:33 of 1st period - Shot by Brock Nelson.
9:33 of 1st period - Stopped by Darcy Kuemper without a rebound.
9:34 of 1st period - Kyle Turris wins face-off versus Kyle Palmieri in EDMONTON zone.
9:42 of 1st period - Off-side.
9:43 of 1st period - Tyler Johnson wins face-off versus Alexander Kerfoot in neutral zone.
9:45 of 1st period - Minor Penalty to Slater Koekkoek for Hooking.
9:46 of 1st period - Brock Nelson wins face-off versus Anze Kopitar in VEGAS zone.
9:56 of 1st period - Shot by Travis Hamonic.
9:56 of 1st period - Stopped by Braden Holtby without a rebound.
9:57 of 1st period - Tyler Johnson wins face-off versus Brock Nelson in VEGAS zone.
10:16 of 1st period - Shot by David Perron.
10:16 of 1st period - Stopped by Braden Holtby without a rebound.
10:17 of 1st period - Anze Kopitar wins face-off versus Brock Nelson in VEGAS zone.
10:20 of 1st period - Shot by Kyle Palmieri.
10:20 of 1st period - Shot Misses the Net.
10:24 of 1st period - Shot by Jakub Voracek.
10:24 of 1st period - Stopped by Braden Holtby without a rebound.
10:25 of 1st period - Brock Nelson wins face-off versus Anze Kopitar in VEGAS zone.
10:31 of 1st period - Icing by Matt Roy.
10:32 of 1st period - Anze Kopitar wins face-off versus Brock Nelson in EDMONTON zone.
10:40 of 1st period - Shot by Travis Hamonic.
10:40 of 1st period - Shot Misses the Net.
11:03 of 1st period - Icing by Matt Roy.
11:04 of 1st period - Anze Kopitar wins face-off versus Oliver Bjorkstrand in EDMONTON zone.
11:04 of 1st period - Anze Kopitar is hit by Kyle Turris.
11:20 of 1st period - Shot by Travis Hamonic.
11:20 of 1st period - Shot Misses the Net.
12:13 of 1st period - Alexander Kerfoot is hit by Derek Forbort.
12:34 of 1st period - Icing by Jayce Hawryluk.
12:35 of 1st period - Mathieu Perreault wins face-off versus Victor Rask in VEGAS zone.
12:35 of 1st period - Mathieu Perreault is hit by Jack Johnson.
12:45 of 1st period - Shot by Jayce Hawryluk.
12:45 of 1st period - Stopped by Darcy Kuemper without a rebound.
12:46 of 1st period - Anze Kopitar wins face-off versus Josh Anderson in EDMONTON zone.
12:50 of 1st period - Off-side.
12:51 of 1st period - Anze Kopitar wins face-off versus Kyle Turris in neutral zone.
13:12 of 1st period - Shot by Kyle Palmieri.
13:12 of 1st period - Stopped by Braden Holtby with a rebound.
13:18 of 1st period - Shot by David Perron.
13:18 of 1st period - Stopped by Braden Holtby without a rebound.
13:19 of 1st period - Brock Nelson wins face-off versus Tyler Johnson in VEGAS zone.
13:19 of 1st period - Brock Nelson is hit by Tyler Johnson.
13:28 of 1st period - Off-side.
13:29 of 1st period - Alexander Kerfoot wins face-off versus Colton Sissons in neutral zone.
13:59 of 1st period - Max Comtois and Barclay Goodrow fight to a draw.
13:59 of 1st period - Penalty to Max Comtois for Fighting.
13:59 of 1st period - Penalty to Barclay Goodrow for Fighting.
13:59 of 1st period - Travis Hamonic beats up Devon Toews.
13:59 of 1st period - Penalty to Devon Toews for Fighting.
13:59 of 1st period - Penalty to Travis Hamonic for Fighting.
13:59 of 1st period - Troy Terry and Justin Holl fight to a draw.
13:59 of 1st period - Penalty to Troy Terry for Fighting.
13:59 of 1st period - Penalty to Justin Holl for Fighting.
13:59 of 1st period - Minor Penalty to Alexander Kerfoot for High sticking.
13:59 of 1st period - Minor Penalty to Slater Koekkoek for High sticking.
13:59 of 1st period - Minor Penalty to Colton Sissons for Slashing.
13:59 of 1st period - Minor Penalty to Michael Raffl for High sticking.
14:00 of 1st period - Anze Kopitar wins face-off versus Brock Nelson in neutral zone.
14:17 of 1st period - Colin Miller is hit by Brock Nelson and loses puck.
14:36 of 1st period - Shot by Brock Nelson.
14:36 of 1st period - Shot Blocked by Colin Miller.
14:38 of 1st period - Shot by Sam Reinhart.
14:38 of 1st period - Stopped by Darcy Kuemper without a rebound.
14:39 of 1st period - Brock Nelson wins face-off versus Anze Kopitar in EDMONTON zone.
14:40 of 1st period - Shot by Nikita Zadorov.
14:40 of 1st period - Stopped by Darcy Kuemper without a rebound.
14:41 of 1st period - Anze Kopitar wins face-off versus Brock Nelson in EDMONTON zone.
15:32 of 1st period - Shot by Oliver Bjorkstrand.
15:32 of 1st period - Shot Misses the Net.
15:41 of 1st period - Icing by Anze Kopitar.
15:42 of 1st period - Brock Nelson wins face-off versus Anze Kopitar in EDMONTON zone.
15:53 of 1st period - Shot by Sam Reinhart.
15:53 of 1st period - Shot Misses the Net.
15:55 of 1st period - Shot by Brock Nelson.
15:55 of 1st period - Stopped by Darcy Kuemper without a rebound.
15:56 of 1st period - Kyle Palmieri wins face-off versus Oliver Bjorkstrand in EDMONTON zone.
16:02 of 1st period - Icing by Slater Koekkoek.
16:03 of 1st period - Colton Sissons wins face-off versus Victor Rask in VEGAS zone.
16:07 of 1st period - Minor Penalty to Colton Sissons for High sticking.
16:08 of 1st period - Kyle Turris wins face-off versus Kyle Palmieri in EDMONTON zone.
16:33 of 1st period - Shot by Josh Anderson.
16:33 of 1st period - Shot Misses the Net.
16:35 of 1st period - Shot by Michael Grabner.
16:35 of 1st period - Stopped by Darcy Kuemper with a rebound.
16:37 of 1st period - Shot by Brent Seabrook.
16:37 of 1st period - Shot Blocked by Colin Miller.
16:39 of 1st period - Shot by Brent Seabrook.
16:39 of 1st period - Stopped by Darcy Kuemper without a rebound.
16:40 of 1st period - Anze Kopitar wins face-off versus Brock Nelson in EDMONTON zone.
17:09 of 1st period - Shot by Oliver Bjorkstrand.
17:09 of 1st period - Shot Misses the Net.
17:32 of 1st period - Shot by Anze Kopitar.
17:32 of 1st period - Shot Misses the Net.
17:34 of 1st period - Shot by Jason Demers.
17:34 of 1st period - Shot Misses the Net.
18:02 of 1st period - Shot by Kyle Turris.
18:02 of 1st period - Shot Blocked by Derek Forbort.
18:42 of 1st period - Icing by Alexander Kerfoot.
18:43 of 1st period - Tyler Johnson wins face-off versus Matt Luff in VEGAS zone.
18:43 of 1st period - Bryan Rust is hit by Slater Koekkoek and loses puck.
18:52 of 1st period - Shot by Bryan Rust.
18:52 of 1st period - Stopped by Braden Holtby with a rebound.
18:54 of 1st period - Shot by Matt Roy.
18:54 of 1st period - Shot Misses the Net.
19:37 of 1st period - Icing by Nikita Zadorov.
19:38 of 1st period - Mathieu Perreault wins face-off versus Michael Grabner in VEGAS zone.
19:45 of 1st period - Shot by Mathieu Perreault.
19:45 of 1st period - Shot Blocked by Josh Anderson.
Goals for this period are 0 for EDMONTON vs 0 for VEGAS.
Shots for this period are 9 for EDMONTON vs 20 for VEGAS.

2nd period


0:01 of 2nd period - Brock Nelson wins face-off versus Anze Kopitar in neutral zone.
0:07 of 2nd period - Minor Penalty to Jason Demers for Hooking.
0:08 of 2nd period - Brock Nelson wins face-off versus Anze Kopitar in EDMONTON zone.
0:20 of 2nd period - Shot by Jack Johnson.
0:20 of 2nd period - Shot Misses the Net.
0:22 of 2nd period - Shot by Jack Johnson.
0:22 of 2nd period - Stopped by Darcy Kuemper with a rebound.
0:30 of 2nd period - Jack Johnson is hit by Anze Kopitar and loses puck.
1:02 of 2nd period - Off-side.
1:03 of 2nd period - Kyle Turris wins face-off versus Kyle Palmieri in neutral zone.
1:09 of 2nd period - Minor Penalty to Josh Anderson for Hooking.
1:10 of 2nd period - Brock Nelson wins face-off versus Kyle Palmieri in VEGAS zone.
1:23 of 2nd period - Shot by Brock Nelson.
1:23 of 2nd period - Shot Misses the Net.
1:48 of 2nd period - Shot by Kyle Palmieri.
1:48 of 2nd period - Stopped by Braden Holtby without a rebound.
1:49 of 2nd period - Anze Kopitar wins face-off versus Oliver Bjorkstrand in VEGAS zone.
1:49 of 2nd period - Travis Hamonic is hit by Jack Johnson and loses puck.
2:11 of 2nd period - Icing by Bryan Rust.
2:12 of 2nd period - Brock Nelson wins face-off versus Tyler Johnson in EDMONTON zone.
2:23 of 2nd period - Shot by Brock Nelson.
2:23 of 2nd period - Shot Misses the Net.
2:42 of 2nd period - Shot by Bryan Rust.
2:42 of 2nd period - Shot Misses the Net.
2:44 of 2nd period - Shot by David Perron.
2:44 of 2nd period - Shot Misses the Net.
3:30 of 2nd period - Shot by Alexander Kerfoot.
3:30 of 2nd period - Shot Misses the Net.
4:01 of 2nd period - Icing by Nikita Zadorov.
4:02 of 2nd period - Tyler Johnson wins face-off versus Kyle Turris in VEGAS zone.
4:21 of 2nd period - Shot by Jason Demers.
4:21 of 2nd period - Shot Misses the Net.
4:49 of 2nd period - Icing by Nick Holden.
4:50 of 2nd period - Kyle Palmieri wins face-off versus Kyle Turris in VEGAS zone.
4:57 of 2nd period - Shot by Kyle Palmieri.
4:57 of 2nd period - Goal by Kyle Palmieri - EDMONTON : 1 - VEGAS : 0.
4:58 of 2nd period - Anze Kopitar wins face-off versus Brock Nelson in neutral zone.
5:18 of 2nd period - Shot by Kyle Palmieri.
5:18 of 2nd period - Deflect By Anze Kopitar.
5:18 of 2nd period - Stopped by Braden Holtby without a rebound.
5:19 of 2nd period - Mathieu Perreault wins face-off versus Victor Rask in VEGAS zone.
5:28 of 2nd period - Shot by Daniel Sprong.
5:28 of 2nd period - Goal by Daniel Sprong - EDMONTON : 1 - VEGAS : 1.
5:29 of 2nd period - Anze Kopitar wins face-off versus Brock Nelson in neutral zone.
6:42 of 2nd period - Off-side.
6:43 of 2nd period - Colton Sissons wins face-off versus Victor Rask in neutral zone.
6:46 of 2nd period - Slater Koekkoek is hit by Barclay Goodrow and loses puck.
7:08 of 2nd period - Icing by Devon Toews.
7:09 of 2nd period - Victor Rask wins face-off versus Josh Archibald in VEGAS zone.
7:09 of 2nd period - Victor Rask is hit by Josh Archibald.
7:32 of 2nd period - Shot by Darren Helm.
7:32 of 2nd period - Shot Misses the Net.
7:49 of 2nd period - Icing by Slater Koekkoek.
7:50 of 2nd period - Anze Kopitar wins face-off versus Victor Rask in VEGAS zone.
8:08 of 2nd period - Victor Rask is hit by David Perron and loses puck.
8:18 of 2nd period - Minor Penalty to Anze Kopitar for Hooking.
8:19 of 2nd period - Brock Nelson wins face-off versus Barclay Goodrow in EDMONTON zone.
8:19 of 2nd period - Sam Reinhart is hit by Travis Hamonic and loses puck.
8:57 of 2nd period - Brock Nelson is hit by Jason Demers and loses puck.
10:01 of 2nd period - Shot by Josh Anderson.
10:01 of 2nd period - Shot Blocked by Travis Hamonic.
10:20 of 2nd period - Icing by Barclay Goodrow.
10:21 of 2nd period - Alexander Kerfoot wins face-off versus Mathieu Perreault in EDMONTON zone.
10:38 of 2nd period - Shot by Troy Terry.
10:38 of 2nd period - Deflect By Alexander Kerfoot.
10:38 of 2nd period - Shot Misses the Net.
12:00 of 2nd period - Oliver Bjorkstrand is hit by Justin Holl and loses puck.
12:44 of 2nd period - Michael Grabner is hit by Justin Holl and loses puck.
12:53 of 2nd period - Shot by Josh Anderson.
12:53 of 2nd period - Stopped by Darcy Kuemper without a rebound.
12:54 of 2nd period - Alexander Kerfoot wins face-off versus Kyle Palmieri in EDMONTON zone.
13:03 of 2nd period - Shot by Alexander Kerfoot.
13:03 of 2nd period - Shot Blocked by Matt Roy.
13:19 of 2nd period - Alexander Kerfoot is hit by David Perron and loses puck.
15:02 of 2nd period - Shot by Kyle Turris.
15:02 of 2nd period - Stopped by Darcy Kuemper without a rebound.
15:03 of 2nd period - Anze Kopitar wins face-off versus Victor Rask in EDMONTON zone.
15:07 of 2nd period - Off-side.
15:08 of 2nd period - Victor Rask wins face-off versus Anze Kopitar in neutral zone.
15:19 of 2nd period - Shot by David Perron.
15:19 of 2nd period - Shot Blocked by Slater Koekkoek.
15:21 of 2nd period - Shot by Anze Kopitar.
15:21 of 2nd period - Shot Blocked by Slater Koekkoek.
15:23 of 2nd period - Shot by Anze Kopitar.
15:23 of 2nd period - Goal by Anze Kopitar - EDMONTON : 2 - VEGAS : 1.
15:24 of 2nd period - Brock Nelson wins face-off versus Tyler Johnson in neutral zone.
17:06 of 2nd period - Icing by Travis Hamonic.
17:07 of 2nd period - Alexander Kerfoot wins face-off versus Anze Kopitar in EDMONTON zone.
17:07 of 2nd period - Alexander Kerfoot is hit by Justin Holl.
17:11 of 2nd period - Shot by Troy Terry.
17:11 of 2nd period - Goal by Troy Terry - EDMONTON : 2 - VEGAS : 2.
17:12 of 2nd period - Colton Sissons wins face-off versus Max Comtois in neutral zone.
17:32 of 2nd period - Shot by Barclay Goodrow.
17:32 of 2nd period - Shot Misses the Net.
17:34 of 2nd period - Shot by Matt Roy.
17:34 of 2nd period - Stopped by Braden Holtby without a rebound.
17:35 of 2nd period - Victor Rask wins face-off versus Tyler Johnson in VEGAS zone.
18:14 of 2nd period - Tyler Johnson is hit by Jayce Hawryluk and loses puck.
19:05 of 2nd period - Jason Demers is hit by Brock Nelson and loses puck.
19:31 of 2nd period - Off-side.
19:32 of 2nd period - Anze Kopitar wins face-off versus Kyle Turris in neutral zone.
19:48 of 2nd period - Shot by Anze Kopitar.
19:48 of 2nd period - Deflect By David Perron.
19:48 of 2nd period - Shot Misses the Net.
19:50 of 2nd period - Shot by Kyle Palmieri.
19:50 of 2nd period - Shot Blocked by Michael Grabner.
Goals for this period are 2 for EDMONTON vs 2 for VEGAS.
Shots for this period are 5 for EDMONTON vs 5 for VEGAS.

3rd period


0:01 of 3rd period - Anze Kopitar wins face-off versus Brock Nelson in neutral zone.
0:21 of 3rd period - Shot by Brock Nelson.
0:21 of 3rd period - Shot Blocked by Matt Roy.
0:23 of 3rd period - Shot by Sam Reinhart.
0:23 of 3rd period - Shot Misses the Net.
0:25 of 3rd period - Shot by Brent Seabrook.
0:25 of 3rd period - Shot Hit the Post.
0:27 of 3rd period - Shot by Brock Nelson.
0:27 of 3rd period - Shot Misses the Net.
0:29 of 3rd period - Shot by Jack Johnson.
0:29 of 3rd period - Stopped by Darcy Kuemper without a rebound.
0:30 of 3rd period - Kyle Turris wins face-off versus Bryan Rust in EDMONTON zone.
0:35 of 3rd period - Shot by Josh Anderson.
0:35 of 3rd period - Stopped by Darcy Kuemper without a rebound.
0:36 of 3rd period - Kyle Turris wins face-off versus Tyler Johnson in EDMONTON zone.
0:44 of 3rd period - Kyle Turris is hit by Justin Holl and loses puck.
1:13 of 3rd period - Shot by Tyler Johnson.
1:13 of 3rd period - Shot Misses the Net.
2:11 of 3rd period - Shot by Kyle Palmieri.
2:11 of 3rd period - Shot Misses the Net.
2:13 of 3rd period - Shot by Matt Roy.
2:13 of 3rd period - Stopped by Braden Holtby with a rebound.
2:15 of 3rd period - Shot by Matt Roy.
2:15 of 3rd period - Shot Misses the Net.
2:17 of 3rd period - Shot by David Perron.
2:17 of 3rd period - Deflect By Kyle Palmieri.
2:17 of 3rd period - Stopped by Braden Holtby without a rebound.
2:18 of 3rd period - Alexander Kerfoot wins face-off versus Colton Sissons in VEGAS zone.
2:20 of 3rd period - Icing by Slater Koekkoek.
2:21 of 3rd period - Alexander Kerfoot wins face-off versus Colton Sissons in VEGAS zone.
2:23 of 3rd period - Icing by Slater Koekkoek.
2:24 of 3rd period - Alexander Kerfoot wins face-off versus Colton Sissons in VEGAS zone.
2:34 of 3rd period - Troy Terry is hit by Colin Miller.
2:54 of 3rd period - Shot by Max Comtois.
2:54 of 3rd period - Shot Misses the Net.
3:38 of 3rd period - Shot by Kyle Turris.
3:38 of 3rd period - Shot Misses the Net.
4:10 of 3rd period - Shot by Sam Reinhart.
4:10 of 3rd period - Stopped by Darcy Kuemper without a rebound.
4:11 of 3rd period - Victor Rask wins face-off versus Mathieu Perreault in EDMONTON zone.
4:20 of 3rd period - Shot by Victor Rask.
4:20 of 3rd period - Shot Misses the Net.
4:28 of 3rd period - Shot by Jayce Hawryluk.
4:28 of 3rd period - Stopped by Darcy Kuemper without a rebound.
4:29 of 3rd period - Brock Nelson wins face-off versus Tyler Johnson in EDMONTON zone.
4:50 of 3rd period - Shot by Bryan Rust.
4:50 of 3rd period - Stopped by Braden Holtby without a rebound.
4:51 of 3rd period - Anze Kopitar wins face-off versus Kyle Turris in VEGAS zone.
4:52 of 3rd period - Shot by Kyle Palmieri.
4:52 of 3rd period - Stopped by Braden Holtby without a rebound.
4:53 of 3rd period - Anze Kopitar wins face-off versus Kyle Turris in VEGAS zone.
4:56 of 3rd period - Shot by David Perron.
4:56 of 3rd period - Deflect By Kyle Palmieri.
4:56 of 3rd period - Stopped by Braden Holtby without a rebound.
4:57 of 3rd period - Anze Kopitar wins face-off versus Brock Nelson in VEGAS zone.
5:15 of 3rd period - Shot by Sam Reinhart.
5:15 of 3rd period - Shot Misses the Net.
5:59 of 3rd period - Shot by Michael Grabner.
5:59 of 3rd period - Shot Misses the Net.
6:44 of 3rd period - Alexander Kerfoot is hit by Derek Forbort and loses puck.
7:22 of 3rd period - Icing by Brent Seabrook.
7:23 of 3rd period - Victor Rask wins face-off versus Mathieu Perreault in VEGAS zone.
7:32 of 3rd period - Shot by Jayce Hawryluk.
7:32 of 3rd period - Stopped by Darcy Kuemper without a rebound.
7:33 of 3rd period - Anze Kopitar wins face-off versus Brock Nelson in EDMONTON zone.
7:33 of 3rd period - Anze Kopitar is hit by Oliver Bjorkstrand.
7:52 of 3rd period - Kyle Palmieri is hit by Nikita Zadorov and loses puck.
8:08 of 3rd period - Shot by David Perron.
8:08 of 3rd period - Shot Misses the Net.
8:31 of 3rd period - Icing by Travis Hamonic.
8:32 of 3rd period - Alexander Kerfoot wins face-off versus Anze Kopitar in EDMONTON zone.
8:37 of 3rd period - Shot by Troy Terry.
8:37 of 3rd period - Deflect By Alexander Kerfoot.
8:37 of 3rd period - Shot Misses the Net.
8:39 of 3rd period - Shot by Devon Toews.
8:39 of 3rd period - Stopped by Darcy Kuemper without a rebound.
8:40 of 3rd period - Kyle Turris wins face-off versus Tyler Johnson in EDMONTON zone.
8:43 of 3rd period - Shot by Michael Grabner.
8:43 of 3rd period - Shot Misses the Net.
8:49 of 3rd period - Shot by Kyle Turris.
8:49 of 3rd period - Deflect By Michael Grabner.
8:49 of 3rd period - Stopped by Darcy Kuemper without a rebound.
8:50 of 3rd period - Colton Sissons wins face-off versus Max Comtois in EDMONTON zone.
9:00 of 3rd period - Barclay Goodrow is hit by Max Comtois and loses puck.
9:13 of 3rd period - Icing by Max Comtois.
9:14 of 3rd period - Bryan Rust wins face-off versus Alexander Kerfoot in VEGAS zone.
10:35 of 3rd period - Shot by Brock Nelson.
10:35 of 3rd period - Shot Misses the Net.
11:42 of 3rd period - Shot by Victor Rask.
11:42 of 3rd period - Shot Misses the Net.
11:58 of 3rd period - Shot by Max Comtois.
11:58 of 3rd period - Shot Misses the Net.
12:00 of 3rd period - Shot by Nikita Zadorov.
12:00 of 3rd period - Stopped by Darcy Kuemper without a rebound.
12:01 of 3rd period - Kyle Turris wins face-off versus Anze Kopitar in EDMONTON zone.
12:05 of 3rd period - Icing by David Perron.
12:06 of 3rd period - Kyle Turris wins face-off versus Anze Kopitar in EDMONTON zone.
12:13 of 3rd period - Shot by Kyle Turris.
12:13 of 3rd period - Stopped by Darcy Kuemper without a rebound.
12:14 of 3rd period - Anze Kopitar wins face-off versus Brock Nelson in EDMONTON zone.
12:26 of 3rd period - Icing by Justin Holl.
12:27 of 3rd period - Anze Kopitar wins face-off versus Kyle Turris in EDMONTON zone.
12:27 of 3rd period - Anze Kopitar is hit by Josh Anderson.
12:32 of 3rd period - David Perron is hit by Josh Anderson and loses puck.
12:39 of 3rd period - Josh Anderson is hit by David Perron and loses puck.
13:06 of 3rd period - Icing by Travis Hamonic.
13:07 of 3rd period - Anze Kopitar wins face-off versus Brock Nelson in EDMONTON zone.
13:38 of 3rd period - Shot by Barclay Goodrow.
13:38 of 3rd period - Deflect By Michael Raffl.
13:38 of 3rd period - Shot Misses the Net.
13:50 of 3rd period - Shot by Colton Sissons.
13:50 of 3rd period - Stopped by Braden Holtby without a rebound.
13:51 of 3rd period - Mathieu Perreault wins face-off versus Alexander Kerfoot in VEGAS zone.
14:02 of 3rd period - Shot by Mathieu Perreault.
14:02 of 3rd period - Shot Blocked by Devon Toews.
14:04 of 3rd period - Shot by Josh Archibald.
14:04 of 3rd period - Shot Misses the Net.
14:37 of 3rd period - Kyle Palmieri is hit by Devon Toews and loses puck.
16:04 of 3rd period - Shot by Sam Reinhart.
16:04 of 3rd period - Shot Misses the Net.
16:06 of 3rd period - Shot by Brock Nelson.
16:06 of 3rd period - Shot Misses the Net.
16:26 of 3rd period - Shot by Brock Nelson.
16:26 of 3rd period - Shot Misses the Net.
16:32 of 3rd period - Shot by Oliver Bjorkstrand.
16:32 of 3rd period - Stopped by Darcy Kuemper without a rebound.
16:33 of 3rd period - Daniel Sprong wins face-off versus Tyler Johnson in EDMONTON zone.
16:38 of 3rd period - Icing by Colin Miller.
16:39 of 3rd period - Victor Rask wins face-off versus Tyler Johnson in EDMONTON zone.
16:52 of 3rd period - Shot by Jack Johnson.
16:52 of 3rd period - Shot Blocked by Derek Forbort.
16:54 of 3rd period - Shot by Brent Seabrook.
16:54 of 3rd period - Stopped by Darcy Kuemper without a rebound.
16:55 of 3rd period - Anze Kopitar wins face-off versus Kyle Turris in EDMONTON zone.
17:00 of 3rd period - Shot by David Perron.
17:00 of 3rd period - Shot Blocked by Nick Holden.
17:24 of 3rd period - Shot by Anze Kopitar.
17:24 of 3rd period - Stopped by Braden Holtby without a rebound.
17:25 of 3rd period - Tyler Johnson wins face-off versus Brock Nelson in VEGAS zone.
17:34 of 3rd period - Shot by Jakub Voracek.
17:34 of 3rd period - Stopped by Braden Holtby without a rebound.
17:35 of 3rd period - Alexander Kerfoot wins face-off versus Josh Archibald in VEGAS zone.
18:36 of 3rd period - Nick Holden is hit by David Perron and loses puck.
18:43 of 3rd period - Shot by Anze Kopitar.
18:43 of 3rd period - Shot Misses the Net.
18:56 of 3rd period - Off-side.
18:57 of 3rd period - Tyler Johnson wins face-off versus Brock Nelson in neutral zone.
18:57 of 3rd period - Minor Penalty to Brock Nelson for Interference.
18:58 of 3rd period - Tyler Johnson wins face-off versus Alexander Kerfoot in VEGAS zone.
19:07 of 3rd period - Shot by Tyler Johnson.
19:07 of 3rd period - Stopped by Braden Holtby without a rebound.
19:08 of 3rd period - Alexander Kerfoot wins face-off versus Anze Kopitar in VEGAS zone.
19:34 of 3rd period - Shot by Anze Kopitar.
19:34 of 3rd period - Shot Misses the Net.
19:36 of 3rd period - Shot by Travis Hamonic.
19:36 of 3rd period - Stopped by Braden Holtby without a rebound.
19:37 of 3rd period - Alexander Kerfoot wins face-off versus Tyler Johnson in VEGAS zone.
19:52 of 3rd period - Shot by David Perron.
19:52 of 3rd period - Stopped by Braden Holtby with a rebound.
19:54 of 3rd period - Shot by David Perron.
19:54 of 3rd period - Goal by David Perron - EDMONTON : 3 - VEGAS : 2.
19:55 of 3rd period - Brock Nelson wins face-off versus Anze Kopitar in neutral zone.
19:58 of 3rd period - VEGAS, Braden Holtby is pulled from the net.
Goals for this period are 1 for EDMONTON vs 0 for VEGAS.
Shots for this period are 12 for EDMONTON vs 11 for VEGAS.